General information
			
			
        
        - name: BNet
 
        - type: Ladder team game (AT/RT)
 
        - host: Battle.net
 
        - saver: Laughter
 
        
map: PhantomGrove 
        - players: 4
 
        - length: 59:13
 
        - speed: Fast
 - version: 1.22 W3XP
 - replay type:  Public
 
» download(252 KB)
Players
        team 1 (loser) 
              
              
pwnizl (
pink | 43 APM | 2502 actions | 58:35)
              
 3 Blademaster 
 2 Critical Strike
 1 Wind Walk
 2 Shadow Hunter 
 1 Hex
 1 Healing Wave
 
                » actions 
                
                | Assign group hotkey | 111 |  | 
| Basic commands | 21 |  | 
| Build / train | 69 |  | 
| Enter build submenu | 28 |  | 
| Enter hero's abilities submenu | 6 |  | 
| Give item / drop item | 2 |  | 
| Remove unit from queue | 1 |  | 
| Right click | 957 |  | 
| Select / deselect | 389 |  | 
| Select group hotkey | 808 |  | 
| Use ability | 109 |  | 
                2502 total
 » units 
                
                | Peon | 14 |  | 
| Grunt | 8 |  | 
| Raider | 4 |  | 
| Spirit Walker | 3 |  | 
| Tauren | 1 |  | 
| Demolisher | 3 |  | 
| Troll Batrider | 4 |  | 
                37 total
 » upgrades
                
                | Berserker Strength | 1 |  | 
| Ensnare | 1 |  | 
| Melee Weapons | 1 |  | 
| Armor | 1 |  | 
| Reinforced Defenses | 1 |  | 
| Pulverize | 1 |  | 
| Spirit Walker Training | 2 |  | 
| Burning Oil | 1 |  | 
                9 total
 » buildings
                
                | Altar of Storms | 1 |  | 
| Orc Burrow | 8 |  | 
| Barracks | 1 |  | 
| Voodoo Lounge | 1 |  | 
| Stronghold | 1 |  | 
| Beastiary | 1 |  | 
| Spirit Lodge | 1 |  | 
| War Mill | 1 |  | 
| Fortress | 1 |  | 
| Tauren Totem | 1 |  | 
| Watch Tower | 11 |  | 
                28 total
 » build order
                00:06 Altar of Storms
00:16 Orc Burrow
00:33 Barracks
01:28 Orc Burrow
01:49 Voodoo Lounge
02:45 Stronghold
04:20 Orc Burrow
05:13 Beastiary
05:15 Spirit Lodge
07:21 Orc Burrow
09:45 War Mill
09:53 Fortress
11:54 Orc Burrow
12:25 Orc Burrow
13:41 Tauren Totem
14:09 Watch Tower
14:11 Watch Tower
19:27 Orc Burrow
19:28 Orc Burrow
23:13 Watch Tower
23:13 Watch Tower
23:14 Watch Tower
23:14 Watch Tower
23:15 Watch Tower
23:16 Watch Tower
23:17 Watch Tower
23:18 Watch Tower
23:19 Watch Tower
» items
                
                | Healing Salve | 3 |  | 
| Lesser Clarity Potion | 1 |  | 
| Scroll of Speed | 1 |  | 
| Scroll of Town Portal | 4 |  | 
| Orb of Lightning | 1 |  | 
| Tiny Great Hall | 1 |  | 
                11 total
  
               
              
              
zeroKelvin (
teal | 36 APM | 2149 actions | 59:11)
              
 4 Beastmaster 
 2 Summon Bear
 2 Summon Quilbeast
 1 Priestess of the Moon 
 1 Trueshot Aura
 
                » actions 
                
                | Assign group hotkey | 59 |  | 
| Basic commands | 7 |  | 
| Build / train | 95 |  | 
| ESC pressed | 1 |  | 
| Enter build submenu | 57 |  | 
| Enter hero's abilities submenu | 5 |  | 
| Give item / drop item | 6 |  | 
| Right click | 1101 |  | 
| Select / deselect | 484 |  | 
| Select group hotkey | 227 |  | 
| Use ability | 107 |  | 
                2149 total
 » units 
                
                | Wisp | 41 |  | 
| Archer | 6 |  | 
| Dryad | 16 |  | 
| Huntress | 1 |  | 
                64 total
 » upgrades
                
                | Reinforced Hides | 2 |  | 
| Abolish Magic | 1 |  | 
| Strength of the Wild | 3 |  | 
                6 total
 » buildings
                
                | Moon Well | 11 |  | 
| Altar of Elders | 1 |  | 
| Ancient of War | 1 |  | 
| Tree of Ages | 1 |  | 
| Hunter's Hall | 1 |  | 
| Ancient of Wonders | 1 |  | 
| Tree of Life | 6 |  | 
| Ancient of Lore | 2 |  | 
| Tree of Eternity | 1 |  | 
| Ancient Protector | 19 |  | 
                44 total
 » build order
                00:17 Moon Well
00:23 Altar of Elders
00:47 Ancient of War
01:38 Moon Well
03:20 Tree of Ages
03:38 Hunter's Hall
03:57 Moon Well
04:29 Ancient of Wonders
05:34 Tree of Life
06:58 Ancient of Lore
08:00 Ancient of Lore
09:14 Moon Well
10:55 Tree of Life
17:00 Tree of Eternity
19:14 Ancient Protector
19:17 Ancient Protector
19:37 Moon Well
20:34 Ancient Protector
20:51 Ancient Protector
21:30 Ancient Protector
21:32 Ancient Protector
22:24 Ancient Protector
22:26 Ancient Protector
23:26 Ancient Protector
24:02 Ancient Protector
24:18 Ancient Protector
25:35 Moon Well
26:31 Ancient Protector
26:45 Ancient Protector
27:21 Ancient Protector
28:20 Ancient Protector
28:30 Ancient Protector
30:24 Ancient Protector
30:31 Ancient Protector
30:38 Ancient Protector
32:40 Tree of Life
36:59 Moon Well
37:05 Moon Well
37:51 Moon Well
38:12 Moon Well
38:28 Tree of Life
39:50 Tree of Life
41:11 Tree of Life
42:42 Moon Well
» items
                
                | Lesser Clarity Potion | 3 |  | 
| Scroll of Town Portal | 9 |  | 
| Potion of Healing | 1 |  | 
| Orb of Lightning | 1 |  | 
| Orb of Venom | 1 |  | 
| Tiny Great Hall | 1 |  | 
                16 total
  
               team 2 (winner) 
              
              
Laughter (
orange | 70 APM | 4143 actions | 59:13)
              
 8 Archmage 
 3 Summon Water Elemental
 3 Brilliance Aura
 1 Blizzard
 1 Mass Teleport
 
                » actions 
                
                | Assign group hotkey | 28 |  | 
| Basic commands | 22 |  | 
| Build / train | 227 |  | 
| ESC pressed | 3 |  | 
| Enter build submenu | 343 |  | 
| Enter hero's abilities submenu | 7 |  | 
| Give item / drop item | 13 |  | 
| Right click | 1748 |  | 
| Select / deselect | 1017 |  | 
| Select group hotkey | 209 |  | 
| Use ability | 526 |  | 
                4143 total
 » units 
                » upgrades
                
                | Masonry | 3 |  | 
| Lumber Harvesting | 2 |  | 
| Storm Hammers | 1 |  | 
| Armor | 1 |  | 
| Swords | 1 |  | 
| Magic Sentry | 1 |  | 
                9 total
 » buildings
                
                | Altar of Kings | 1 |  | 
| Barracks | 1 |  | 
| Farm | 6 |  | 
| Scout Tower | 355 |  | 
| Arcane Tower | 45 |  | 
| Lumber Mill | 5 |  | 
| Guard Tower | 87 |  | 
| Town Hall | 5 |  | 
| Keep | 1 |  | 
| Arcane Vault | 7 |  | 
| Castle | 1 |  | 
| Gryphon Aviary | 4 |  | 
| Blacksmith | 1 |  | 
| Workshop | 4 |  | 
| Cannon Tower | 21 |  | 
| Arcane Sanctum | 1 |  | 
                545 total
 » build order
                00:07 Altar of Kings
00:19 Barracks
00:34 Farm
00:48 Farm
01:30 Farm
01:50 Scout Tower
02:24 Arcane Tower
02:35 Farm
03:36 Scout Tower
03:37 Scout Tower
03:38 Scout Tower
03:40 Lumber Mill
03:57 Arcane Tower
04:00 Scout Tower
04:23 Guard Tower
04:47 Scout Tower
04:57 Scout Tower
04:59 Scout Tower
05:00 Scout Tower
05:08 Town Hall
05:32 Guard Tower
05:33 Scout Tower
05:37 Scout Tower
05:50 Guard Tower
05:58 Guard Tower
06:04 Guard Tower
06:17 Guard Tower
06:29 Guard Tower
06:32 Scout Tower
06:54 Scout Tower
06:57 Keep
07:03 Scout Tower
07:58 Guard Tower
08:32 Arcane Vault
08:47 Arcane Vault
08:48 Guard Tower
09:49 Scout Tower
09:50 Scout Tower
09:51 Scout Tower
09:52 Scout Tower
09:57 Scout Tower
09:59 Scout Tower
10:15 Castle
10:20 Guard Tower
10:22 Scout Tower
10:23 Scout Tower
10:25 Scout Tower
10:27 Scout Tower
10:28 Guard Tower
10:28 Arcane Tower
11:01 Guard Tower
11:04 Scout Tower
11:06 Scout Tower
11:06 Scout Tower
11:08 Scout Tower
11:10 Scout Tower
11:23 Scout Tower
11:27 Scout Tower
11:34 Guard Tower
11:37 Scout Tower
11:38 Scout Tower
11:41 Town Hall
11:43 Arcane Tower
11:51 Guard Tower
11:52 Scout Tower
11:56 Scout Tower
12:18 Guard Tower
12:38 Scout Tower
12:47 Arcane Vault
13:16 Scout Tower
13:23 Guard Tower
13:25 Scout Tower
13:25 Scout Tower
13:27 Scout Tower
14:02 Arcane Tower
14:20 Scout Tower
14:21 Scout Tower
14:22 Scout Tower
14:51 Gryphon Aviary
14:54 Arcane Vault
15:31 Guard Tower
15:39 Gryphon Aviary
15:42 Gryphon Aviary
15:44 Gryphon Aviary
15:46 Blacksmith
15:58 Scout Tower
16:00 Scout Tower
16:20 Guard Tower
16:43 Farm
16:44 Farm
16:53 Guard Tower
16:57 Scout Tower
16:59 Scout Tower
17:00 Scout Tower
17:01 Scout Tower
17:02 Scout Tower
19:16 Guard Tower
19:18 Scout Tower
19:19 Scout Tower
19:20 Scout Tower
19:51 Scout Tower
19:52 Scout Tower
19:53 Scout Tower
19:54 Scout Tower
19:55 Scout Tower
20:55 Arcane Tower
20:56 Scout Tower
20:58 Workshop
20:59 Workshop
21:00 Workshop
21:15 Guard Tower
21:17 Scout Tower
21:17 Scout Tower
21:18 Scout Tower
21:19 Scout Tower
21:20 Scout Tower
21:53 Guard Tower
21:55 Scout Tower
21:56 Scout Tower
22:06 Town Hall
23:06 Town Hall
23:15 Arcane Tower
24:09 Workshop
24:10 Guard Tower
25:08 Scout Tower
25:09 Scout Tower
25:10 Scout Tower
25:16 Scout Tower
25:18 Scout Tower
25:28 Scout Tower
25:29 Scout Tower
25:31 Scout Tower
25:33 Scout Tower
25:45 Guard Tower
25:47 Scout Tower
25:48 Scout Tower
25:49 Scout Tower
26:16 Arcane Tower
26:16 Arcane Tower
26:17 Scout Tower
26:18 Cannon Tower
26:20 Scout Tower
26:21 Scout Tower
26:30 Guard Tower
26:31 Scout Tower
26:32 Scout Tower
26:50 Guard Tower
26:51 Scout Tower
26:52 Scout Tower
26:53 Arcane Vault
26:55 Guard Tower
26:56 Scout Tower
27:35 Lumber Mill
27:36 Guard Tower
27:37 Guard Tower
27:39 Scout Tower
28:24 Guard Tower
28:25 Scout Tower
28:26 Scout Tower
28:27 Scout Tower
28:29 Scout Tower
28:30 Scout Tower
28:30 Scout Tower
29:01 Guard Tower
29:02 Scout Tower
29:03 Scout Tower
29:14 Arcane Tower
29:15 Scout Tower
29:16 Scout Tower
29:18 Scout Tower
29:21 Guard Tower
29:22 Scout Tower
29:23 Scout Tower
29:24 Cannon Tower
29:31 Guard Tower
29:32 Scout Tower
29:33 Scout Tower
29:41 Scout Tower
30:17 Cannon Tower
30:18 Arcane Tower
30:20 Scout Tower
30:21 Scout Tower
30:24 Scout Tower
30:40 Lumber Mill
30:44 Arcane Tower
30:44 Arcane Tower
31:08 Scout Tower
31:09 Scout Tower
31:11 Scout Tower
31:16 Arcane Tower
31:16 Cannon Tower
31:18 Scout Tower
31:18 Scout Tower
31:20 Scout Tower
31:37 Scout Tower
31:38 Scout Tower
31:39 Scout Tower
32:22 Guard Tower
32:25 Scout Tower
32:28 Scout Tower
32:29 Scout Tower
32:30 Scout Tower
32:32 Scout Tower
32:34 Arcane Tower
32:35 Scout Tower
32:35 Scout Tower
32:40 Guard Tower
32:44 Scout Tower
32:45 Scout Tower
32:46 Scout Tower
33:02 Arcane Tower
33:03 Scout Tower
33:04 Scout Tower
33:13 Guard Tower
33:15 Guard Tower
33:30 Scout Tower
33:31 Scout Tower
34:01 Guard Tower
34:05 Scout Tower
34:05 Scout Tower
34:06 Scout Tower
34:07 Scout Tower
34:08 Scout Tower
34:10 Scout Tower
34:19 Guard Tower
34:24 Scout Tower
34:26 Scout Tower
34:27 Scout Tower
34:30 Scout Tower
34:40 Guard Tower
34:42 Scout Tower
34:44 Scout Tower
34:45 Scout Tower
35:18 Arcane Tower
35:20 Scout Tower
35:21 Scout Tower
35:22 Scout Tower
35:22 Scout Tower
35:28 Arcane Tower
35:29 Scout Tower
35:31 Scout Tower
35:33 Cannon Tower
35:34 Arcane Tower
35:39 Guard Tower
36:23 Cannon Tower
36:23 Arcane Tower
36:27 Guard Tower
36:28 Scout Tower
36:29 Scout Tower
36:30 Scout Tower
36:46 Cannon Tower
36:47 Scout Tower
36:49 Scout Tower
36:54 Guard Tower
36:54 Guard Tower
37:42 Guard Tower
37:43 Scout Tower
37:44 Scout Tower
37:47 Scout Tower
37:48 Scout Tower
37:49 Scout Tower
37:50 Scout Tower
37:51 Scout Tower
38:07 Cannon Tower
38:07 Arcane Tower
38:09 Guard Tower
38:11 Scout Tower
38:12 Scout Tower
38:12 Scout Tower
38:14 Scout Tower
38:15 Scout Tower
38:16 Scout Tower
38:17 Scout Tower
38:24 Guard Tower
38:26 Scout Tower
38:27 Scout Tower
38:28 Scout Tower
38:29 Scout Tower
38:30 Scout Tower
38:37 Guard Tower
38:38 Scout Tower
38:39 Scout Tower
38:56 Scout Tower
38:57 Scout Tower
38:58 Scout Tower
38:59 Scout Tower
39:00 Scout Tower
39:00 Scout Tower
39:01 Scout Tower
39:47 Guard Tower
39:52 Guard Tower
40:00 Cannon Tower
40:52 Arcane Tower
40:53 Scout Tower
40:53 Scout Tower
40:54 Scout Tower
40:55 Scout Tower
40:56 Scout Tower
40:56 Scout Tower
41:00 Cannon Tower
41:01 Cannon Tower
41:01 Arcane Tower
41:02 Arcane Tower
41:02 Guard Tower
41:03 Guard Tower
41:03 Guard Tower
41:16 Arcane Vault
41:17 Scout Tower
41:18 Scout Tower
41:19 Scout Tower
41:24 Guard Tower
41:27 Scout Tower
41:27 Scout Tower
41:29 Scout Tower
41:29 Scout Tower
42:11 Guard Tower
42:47 Guard Tower
42:49 Scout Tower
42:50 Scout Tower
42:51 Scout Tower
43:01 Cannon Tower
43:03 Arcane Sanctum
43:34 Guard Tower
43:36 Scout Tower
43:37 Scout Tower
43:44 Arcane Tower
43:44 Guard Tower
43:45 Guard Tower
43:48 Scout Tower
43:49 Scout Tower
43:50 Scout Tower
43:51 Scout Tower
43:52 Scout Tower
43:53 Scout Tower
43:54 Scout Tower
43:55 Scout Tower
43:56 Scout Tower
43:57 Scout Tower
43:58 Scout Tower
43:59 Scout Tower
44:01 Scout Tower
44:01 Scout Tower
44:03 Scout Tower
44:09 Scout Tower
44:10 Scout Tower
44:11 Scout Tower
44:12 Scout Tower
44:13 Scout Tower
44:14 Scout Tower
44:15 Scout Tower
44:16 Scout Tower
44:17 Scout Tower
44:18 Scout Tower
44:19 Scout Tower
44:20 Scout Tower
44:21 Scout Tower
44:21 Scout Tower
44:26 Scout Tower
44:27 Scout Tower
44:28 Cannon Tower
44:28 Arcane Tower
44:29 Guard Tower
44:31 Scout Tower
44:31 Scout Tower
44:32 Scout Tower
44:43 Guard Tower
44:44 Scout Tower
44:45 Scout Tower
44:56 Scout Tower
44:57 Scout Tower
44:58 Scout Tower
44:58 Scout Tower
44:59 Scout Tower
45:00 Scout Tower
45:02 Scout Tower
45:03 Scout Tower
45:03 Scout Tower
45:04 Scout Tower
45:05 Scout Tower
45:06 Scout Tower
45:06 Scout Tower
45:07 Scout Tower
45:07 Scout Tower
45:08 Scout Tower
45:09 Scout Tower
45:10 Scout Tower
45:11 Scout Tower
45:12 Scout Tower
45:13 Scout Tower
45:14 Scout Tower
45:43 Arcane Tower
45:46 Lumber Mill
46:15 Arcane Tower
46:24 Town Hall
46:31 Scout Tower
46:32 Scout Tower
46:33 Scout Tower
46:34 Scout Tower
46:35 Scout Tower
46:36 Scout Tower
46:37 Scout Tower
46:37 Scout Tower
46:39 Scout Tower
47:19 Guard Tower
47:21 Scout Tower
47:21 Scout Tower
47:22 Arcane Tower
47:22 Arcane Tower
47:23 Cannon Tower
47:23 Cannon Tower
47:24 Arcane Tower
47:25 Guard Tower
47:26 Arcane Tower
47:27 Cannon Tower
47:29 Scout Tower
47:30 Scout Tower
47:31 Scout Tower
47:32 Scout Tower
47:33 Scout Tower
47:33 Scout Tower
47:42 Cannon Tower
47:43 Arcane Tower
47:44 Scout Tower
47:45 Scout Tower
47:47 Scout Tower
47:49 Scout Tower
47:52 Guard Tower
47:52 Guard Tower
47:55 Scout Tower
47:56 Scout Tower
48:10 Guard Tower
48:12 Scout Tower
48:13 Scout Tower
48:14 Scout Tower
48:16 Scout Tower
48:17 Scout Tower
48:17 Scout Tower
48:18 Scout Tower
48:19 Scout Tower
48:20 Scout Tower
48:20 Scout Tower
48:21 Scout Tower
48:23 Scout Tower
48:24 Scout Tower
48:25 Scout Tower
48:56 Guard Tower
48:57 Scout Tower
48:58 Scout Tower
48:59 Scout Tower
49:01 Scout Tower
49:03 Scout Tower
49:04 Scout Tower
49:06 Scout Tower
49:07 Scout Tower
49:09 Scout Tower
49:09 Scout Tower
49:13 Arcane Tower
49:22 Guard Tower
49:33 Arcane Tower
49:34 Arcane Tower
49:34 Guard Tower
49:34 Guard Tower
49:44 Cannon Tower
49:46 Scout Tower
49:47 Scout Tower
50:01 Arcane Tower
50:02 Guard Tower
50:02 Guard Tower
50:06 Scout Tower
50:07 Scout Tower
50:08 Scout Tower
50:10 Guard Tower
50:14 Scout Tower
50:15 Scout Tower
50:16 Scout Tower
50:18 Scout Tower
50:19 Scout Tower
50:21 Scout Tower
50:22 Scout Tower
50:23 Cannon Tower
50:23 Guard Tower
50:25 Guard Tower
50:30 Guard Tower
50:32 Scout Tower
50:34 Scout Tower
50:35 Arcane Tower
50:36 Scout Tower
50:39 Scout Tower
50:40 Scout Tower
50:41 Scout Tower
50:43 Scout Tower
50:45 Guard Tower
50:49 Guard Tower
50:51 Scout Tower
50:55 Arcane Tower
51:23 Guard Tower
51:28 Arcane Vault
51:33 Arcane Tower
51:52 Guard Tower
51:54 Lumber Mill
52:02 Scout Tower
52:03 Scout Tower
52:06 Scout Tower
52:11 Cannon Tower
52:12 Arcane Tower
52:13 Scout Tower
52:14 Scout Tower
52:16 Guard Tower
52:18 Scout Tower
52:19 Scout Tower
52:21 Scout Tower
52:30 Scout Tower
52:31 Scout Tower
52:34 Scout Tower
52:37 Arcane Tower
52:38 Scout Tower
52:39 Scout Tower
52:40 Guard Tower
52:41 Arcane Tower
52:44 Scout Tower
52:45 Scout Tower
53:09 Cannon Tower
53:11 Arcane Tower
53:33 Scout Tower
53:35 Scout Tower
53:53 Arcane Tower
53:54 Scout Tower
53:55 Scout Tower
53:56 Guard Tower
53:57 Scout Tower
53:58 Scout Tower
54:48 Guard Tower
55:22 Guard Tower
55:57 Scout Tower
55:58 Scout Tower
55:59 Scout Tower
56:00 Scout Tower
56:21 Scout Tower
56:22 Scout Tower
56:24 Scout Tower
56:26 Scout Tower
57:25 Guard Tower
57:26 Scout Tower
57:27 Scout Tower
» items
                
                | Scroll of Regeneration | 4 |  | 
| Scroll of Town Portal | 2 |  | 
| Potion of Healing | 2 |  | 
| Potion of Invisibility | 2 |  | 
| Boots of Speed | 1 |  | 
| Staff of Teleportation | 1 |  | 
| Tome of Retraining | 1 |  | 
| Lesser Clarity Potion | 1 |  | 
| Ivory Tower | 1 |  | 
                15 total
  
               
              
              
MoM_DiaBoLuS (
purple | 76 APM | 4492 actions | 59:11)
              
 7 Death Knight 
 3 Death Coil
 3 Unholy Aura
 1 Animate Dead
 7 Lich 
 3 Frost Nova
 3 Frost Armor
 1 Death and Decay
 5 Firelord 
 3 Summon Lava Spawn
 2 Incinerate
 
                » actions 
                
                | Assign group hotkey | 45 |  | 
| Basic commands | 27 |  | 
| Build / train | 101 |  | 
| Enter build submenu | 63 |  | 
| Enter hero's abilities submenu | 20 |  | 
| Give item / drop item | 10 |  | 
| Remove unit from queue | 4 |  | 
| Right click | 2076 |  | 
| Select / deselect | 548 |  | 
| Select group hotkey | 1412 |  | 
| Use ability | 186 |  | 
                4492 total
 » units 
                
                | Acolyte | 8 |  | 
| Ghoul | 11 |  | 
| Crypt Fiend | 9 |  | 
| Frost Wyrm | 5 |  | 
                33 total
 » upgrades
                
                | Ghoul Frenzy | 1 |  | 
| Creature Attack | 3 |  | 
| Creature Carapace | 3 |  | 
| Web | 1 |  | 
| Burrow | 1 |  | 
| Freezing Breath | 1 |  | 
                10 total
 » buildings
                
                | Crypt | 1 |  | 
| Graveyard | 2 |  | 
| Altar of Darkness | 1 |  | 
| Ziggurat | 44 |  | 
| Tomb of Relics | 1 |  | 
| Nerubian Tower | 1 |  | 
| Spirit Tower | 12 |  | 
| Halls of the Dead | 1 |  | 
| Black Citadel | 1 |  | 
| Sacrificial Pit | 1 |  | 
| Boneyard | 2 |  | 
| Necropolis | 1 |  | 
| Arcane Tower | 0 |  | 
                68 total
 » build order
                00:06 Crypt
00:18 Graveyard
00:40 Altar of Darkness
00:55 Ziggurat
01:28 Tomb of Relics
02:01 Ziggurat
02:33 Nerubian Tower
02:58 Spirit Tower
03:50 Ziggurat
04:51 Halls of the Dead
06:03 Spirit Tower
07:25 Black Citadel
08:10 Ziggurat
08:57 Sacrificial Pit
09:49 Boneyard
09:56 Boneyard
10:03 Ziggurat
10:05 Ziggurat
11:05 Spirit Tower
11:49 Ziggurat
14:14 Spirit Tower
17:45 Ziggurat
17:46 Ziggurat
22:44 Graveyard
26:26 Spirit Tower
35:22 Ziggurat
35:24 Ziggurat
35:25 Ziggurat
35:28 Ziggurat
35:30 Ziggurat
35:31 Ziggurat
36:01 Ziggurat
36:02 Ziggurat
36:58 Ziggurat
39:49 Spirit Tower
41:30 Necropolis
41:47 Spirit Tower
42:55 Ziggurat
43:40 Ziggurat
43:42 Ziggurat
43:43 Ziggurat
43:45 Ziggurat
43:46 Ziggurat
43:48 Ziggurat
43:51 Ziggurat
43:53 Ziggurat
43:56 Ziggurat
43:59 Ziggurat
44:02 Ziggurat
44:04 Ziggurat
44:06 Ziggurat
44:08 Ziggurat
44:09 Ziggurat
44:10 Ziggurat
44:13 Ziggurat
44:55 Spirit Tower
45:52 Spirit Tower
47:26 Spirit Tower
49:43 Spirit Tower
50:49 Ziggurat
51:42 Ziggurat
52:22 Ziggurat
53:06 Ziggurat
53:12 Ziggurat
55:15 Spirit Tower
57:50 Arcane Tower
57:54 Ziggurat
57:55 Ziggurat
57:57 Ziggurat
» items
                
                | Rod of Necromancy | 2 |  | 
| Scroll of Town Portal | 7 |  | 
| Potion of Healing | 2 |  | 
| Potion of Mana | 1 |  | 
| Orb of Corruption | 1 |  | 
| Scroll of Healing | 1 |  | 
| Scroll of Protection | 1 |  | 
| Staff of Teleportation | 1 |  | 
| Sacrificial Skull | 1 |  | 
                17 total
  
                Chat log
          (00:08 / Allies) MoM_DiaBoLuS: fe ?
(00:10 / Allies) Laughter: y
(00:16 / Allies) Laughter: schlechtest mögliche gegner
(00:27 / Allies) MoM_DiaBoLuS: also für uns von rassen her
(00:28 / Allies) MoM_DiaBoLuS: jojo
(00:30 / Allies) Laughter: spiel mal fiends aber early 4 ghoul, dann towere ich
(00:32 / Allies) MoM_DiaBoLuS: ich geh fiend dessi
(00:43 / Allies) Laughter: ich zeig dir mal wie ich 2on2 spiele =D
(00:44 / Allies) MoM_DiaBoLuS: spiele immer 2 early
(00:47 / Allies) MoM_DiaBoLuS: njo ok
(00:57 / Allies) Laughter: ja, 2 early, dann 3 bei tech begin oder so
(01:02 / Allies) MoM_DiaBoLuS: kk
(01:02 / Allies) Laughter: aber halt 4 oder 5
(01:07 / Allies) MoM_DiaBoLuS: jo
(01:08 / Allies) MoM_DiaBoLuS: elf
(01:19 / Allies) Laughter: erhöhtes bedürfnis
(01:25 / Allies) Laughter: mehr nachfrage, mehr ghoule
(01:40 / Allies) MoM_DiaBoLuS: ich bau einfach mehr als sonst
(01:45 / Allies) Laughter: y
(02:20 / Allies) MoM_DiaBoLuS: baue 3ten
(02:52 / Allies) MoM_DiaBoLuS: ich tower auch
(02:55 / Allies) Laughter: y
(02:55 / Allies) Laughter: klar
(02:58 / Allies) Laughter: und ich deine base
(03:01 / Allies) Laughter: und die mitte der map
(03:02 / Allies) Laughter: etc.
(03:05 / Allies) MoM_DiaBoLuS: ^^
(03:10 / Allies) Laughter: pascal style
(03:17 / Allies) MoM_DiaBoLuS: hoffentlich win xD
(03:25 / Allies) Laughter: ab 66 towern, da geht das leben los
(04:15 / Allies) Laughter: nvm
(04:42 / Allies) MoM_DiaBoLuS: i see
(05:08 / Allies) MoM_DiaBoLuS: 2nd exe?
(05:15 / Allies) Laughter: y, aber stark
(05:20 / Allies) Laughter: rofl archer
(05:31 / Allies) MoM_DiaBoLuS: lol
(05:39 / Allies) Laughter: auch noobs
(05:45 / Allies) MoM_DiaBoLuS: scheint so
(06:52 / Allies) MoM_DiaBoLuS: ^^
(07:24 / Allies) Laughter: =D
(07:30 / Allies) Laughter: bischen spät
(07:32 / Allies) MoM_DiaBoLuS: komme
(08:22 / Allies) MoM_DiaBoLuS: b
(08:42 / All) Laughter: what we just did is considered rape in 22 states
(08:52 / All) Laughter: azeroth is one of them
(09:03 / Allies) MoM_DiaBoLuS: ^^
(09:05 / Allies) Laughter: y
(09:09 / Allies) MoM_DiaBoLuS: burrows
(09:28 / Allies) MoM_DiaBoLuS: raider down xD
(09:31 / Allies) Laughter: n
(09:32 / Allies) Laughter: 1
(09:33 / Allies) MoM_DiaBoLuS: risky
(09:35 / Allies) Laughter: passt
(09:46 / Allies) Laughter: billige units
(10:39 / Allies) Laughter: scheiss crits
(11:08 / Allies) MoM_DiaBoLuS: gold?
(11:13 / Allies) Laughter: wood?
(11:30 / Allies) Laughter: =D
(11:34 / Allies) MoM_DiaBoLuS: ^^
(11:41 / Allies) MoM_DiaBoLuS: ich geh aufn orc burrows killn
(11:47 / Allies) Laughter: k
(11:49 / Allies) Laughter: stresse den elf
(11:55 / Allies) MoM_DiaBoLuS: kk
(11:58 / Allies) MoM_DiaBoLuS: vllt. tpn die ja
(11:59 / Allies) MoM_DiaBoLuS: ^^
(12:14 / Allies) MoM_DiaBoLuS: ich geh auf burrwos
(12:15 / Allies) Laughter: rofl
(12:23 / Allies) Laughter: gogo baserace vs towers
(12:38 / Allies) MoM_DiaBoLuS: gold
(12:53 / Allies) Laughter: masorny 3
(12:57 / Allies) MoM_DiaBoLuS: gj
(12:57 / Allies) MoM_DiaBoLuS: ^^
(13:06 / Allies) Laughter: wichtigstes upgrade im spiel
(13:11 / Allies) MoM_DiaBoLuS: richtig
(13:15 / Allies) MoM_DiaBoLuS: yy
(13:25 / Allies) MoM_DiaBoLuS: me
(13:32 / Allies) Laughter: k
(13:41 / Allies) Laughter: straight up tanks?
(13:47 / Allies) Laughter: naja, raider =(
(13:55 / Allies) MoM_DiaBoLuS: ne keine tanks
(14:07 / Allies) Laughter: mehr tower
(14:25 / Allies) MoM_DiaBoLuS: mehr units mal
(14:44 / Allies) Laughter: näh
(14:46 / Allies) Laughter: mag units nicht
(15:02 / Allies) MoM_DiaBoLuS: gold for dings
(15:10 / Allies) Laughter: rofl tp
(15:24 / Allies) MoM_DiaBoLuS: ich kill emal alle burrows
(15:33 / Allies) Laughter: kk
(15:51 / Allies) MoM_DiaBoLuS: shit upgraded
(15:51 / Allies) Laughter: upgrade
(16:19 / Allies) MoM_DiaBoLuS: nix verloren
(16:22 / Allies) Laughter: n1
(16:36 / Allies) Laughter: ich bin mit 2 exen in no upkeep, keine chance für die
(17:10 / Allies) Laughter: elf techt =D
(17:42 / Allies) Laughter: wieder tp für nichts
(17:56 / Allies) Laughter: das spiel kann ich auch ohne units gewinnen
(18:08 / Allies) MoM_DiaBoLuS: yo
(18:11 / Allies) Laughter: brauche lvl 5 für blizzard
(18:41 / Allies) Laughter: agi verkaufen
(18:44 / Allies) Laughter: woz?
(18:47 / Allies) MoM_DiaBoLuS: jojo
(18:49 / Allies) MoM_DiaBoLuS: attackspeed xD
(18:53 / Allies) Laughter: rofl
(19:08 / Allies) Laughter: stab liegt da
(19:25 / Allies) MoM_DiaBoLuS: was fürn stab
(19:27 / Allies) Laughter: wind
(19:31 / Allies) MoM_DiaBoLuS: jojo
(19:39 / Allies) Laughter: boxhandschuh
(19:58 / Allies) MoM_DiaBoLuS: was willste denn?
(20:05 / Allies) Laughter: juhuu, 10k
(20:08 / Allies) MoM_DiaBoLuS: lol chilln die^^
(20:10 / Allies) Laughter: freien shop
(20:16 / All) MoM_DiaBoLuS: orange 10k gold gl hf
(20:25 / All) pwnizl: dini mueter en schnautz
(20:27 / All) pwnizl: gratz
(20:32 / All) pwnizl: chasch ne böörne
(20:37 / All) Laughter: hochdeutsch ftw
(20:42 / All) pwnizl: nazis
(21:09 / Allies) Laughter: base befestigung für dich
(21:14 / All) MoM_DiaBoLuS: ty
(21:14 / All) MoM_DiaBoLuS: ^^
(21:22 / All) MoM_DiaBoLuS: wie ihr halt keine unit von mir killt
(21:24 / All) Laughter: kennt ihr castle defense?
(21:34 / All) pwnizl: kennsch dini vergangeheit?
(21:44 / All) Laughter: ist das ein ja?
(21:44 / All) MoM_DiaBoLuS: besser als du
(21:48 / All) MoM_DiaBoLuS: geschi lk 13
(21:59 / All) pwnizl: zumidest kein völkermord...
(22:00 / Allies) Laughter: abgewählt
(22:02 / Allies) Laughter: aber trotzdem besser
(22:08 / All) MoM_DiaBoLuS: iq 125+^^
(22:12 / All) Laughter: 138
(22:14 / All) Laughter: haha
(22:16 / Allies) Laughter: im ernst
(22:19 / All) pwnizl: gemessen von einem computerprogramm
(22:21 / All) pwnizl: muahahah
(22:21 / All) MoM_DiaBoLuS: faulheit 100/100
(22:29 / All) pwnizl: schwanzlänge 3cm
(22:29 / Allies) Laughter: wir passen =D
(22:34 / All) MoM_DiaBoLuS: xD
(22:37 / All) pwnizl: virtuell is er aber 8
(22:49 / All) Laughter: denkst wohl das ist viel
(22:56 / All) Laughter: keinen besseren vergleich zur hand
(22:57 / All) zeroKelvin: lasst uns n spiel spielen ... wer baut mehr towers -.-'
(23:00 / All) MoM_DiaBoLuS: da isse down
(23:01 / All) Laughter: wörtlich lol
(23:08 / All) Laughter: wir führen
(23:19 / Allies) Laughter: mehr wood
(23:27 / All) Laughter: ich war mal in clan towa
(23:35 / All) Laughter: ich bin ein meister der towerei
(23:43 / Allies) Laughter: lol zusammen
(23:46 / Allies) Laughter: 1 wyrm
(23:49 / All) MoM_DiaBoLuS: hab freeze net
(23:52 / Allies) Laughter: reicht für 4
(23:53 / All) MoM_DiaBoLuS: noch net
(23:55 / All) MoM_DiaBoLuS: grad dbei
(24:14 / Allies) MoM_DiaBoLuS: bau units nun plz
(24:16 / Allies) Laughter: ne
(24:20 / Allies) MoM_DiaBoLuS: doch
(24:20 / Allies) MoM_DiaBoLuS: bitte
(24:21 / Allies) Laughter: besiege die im towern
(24:32 / Allies) Laughter: lass die elf base killen und dann alles volltowern
(24:34 / Allies) MoM_DiaBoLuS: b
(24:39 / Allies) Laughter: und warten bis sie heulen
(25:08 / All) MoM_DiaBoLuS: 100/100
(25:11 / All) MoM_DiaBoLuS: didnt kill any
(25:12 / All) MoM_DiaBoLuS: noobs
(25:30 / All) MoM_DiaBoLuS: ^^
(25:40 / Allies) Laughter: wir sind bei 5 ggn éine exe
(25:43 / Allies) Laughter: lassen wir uns zeit
(25:43 / All) MoM_DiaBoLuS: human: 16k gold
(25:59 / All) zeroKelvin: langweilig
(26:03 / All) Laughter: lass uns spielen
(26:06 / Allies) Laughter: wer baut mehr tower
(26:09 / All) MoM_DiaBoLuS: gerne 1on1 später xD
(26:10 / All) Laughter: wer baut mehr tower
(26:14 / All) Laughter: waren das nicht deine worte?
(26:24 / All) Laughter: i c wat u did thar
(26:48 / Allies) Laughter: gleich endlich 5
(26:57 / Allies) Laughter: w
(26:58 / Allies) Laughter: wood
(27:21 / All) MoM_DiaBoLuS: ich könnte euch allein überrennen so lustitsch
(27:27 / Allies) Laughter: WOOOD
(27:34 / All) zeroKelvin: frostwyrms können dryaden im übrigen nix :)
(27:43 / All) MoM_DiaBoLuS: 1 focus alles down
(27:48 / All) Laughter: dryaden können tower im übrigen nichts
(27:49 / All) MoM_DiaBoLuS: fiends orb
(27:51 / All) MoM_DiaBoLuS: noob
(28:27 / All) MoM_DiaBoLuS: nochwas
(28:30 / All) MoM_DiaBoLuS: ihr könnt im übrigen nix
(28:41 / All) zeroKelvin: und ihr könnt ?
(28:41 / All) MoM_DiaBoLuS: ^^
(28:46 / All) MoM_DiaBoLuS: 21-5 stats machen
(28:50 / All) Laughter: wir strengen uns nichtmal an
(28:56 / All) MoM_DiaBoLuS: 6-0 solo
(28:58 / All) MoM_DiaBoLuS: du auch?
(29:08 / All) zeroKelvin: ich tower mich normalerweise nich ein :)
(29:08 / All) Laughter: 13-2 FFA
(29:38 / Allies) Laughter: nicht die orc base töten bitte
(30:08 / All) MoM_DiaBoLuS: häh
(30:10 / All) MoM_DiaBoLuS: 100/100
(30:11 / All) MoM_DiaBoLuS: ???
(30:29 / Allies) Laughter: =D
(30:56 / All) MoM_DiaBoLuS: sagt mal was macht ihr noch im game?
(31:06 / Allies) Laughter: hey, guck doch nebenbei ein replay oder so
(31:08 / All) MoM_DiaBoLuS: 22k gold
(31:12 / Allies) Laughter: tnx
(31:25 / All) Laughter: bei wievielen towern seit ihr
(31:32 / All) MoM_DiaBoLuS: wir ham ca 90
(31:32 / All) zeroKelvin: seid mit d 
(31:44 / All) MoM_DiaBoLuS: ich hab als ud mehr exen als ihr
(32:02 / Allies) Laughter: =(
(32:05 / All) MoM_DiaBoLuS: sry
(32:06 / All) MoM_DiaBoLuS: omg
(32:08 / All) MoM_DiaBoLuS: wie schlecht ihr seid
(32:22 / All) MoM_DiaBoLuS: lol
(32:26 / All) MoM_DiaBoLuS: mein mate tpd mich weg
(32:29 / All) MoM_DiaBoLuS: weil er noch nicht aufhören will^^
(32:37 / All) Laughter: true story
(32:52 / All) Laughter: gebt mal irgendwelche bayrischen fluche =D
(32:58 / All) Laughter: express yourself
(33:02 / All) MoM_DiaBoLuS: wollte grad lich ulti auspacken männo
(33:06 / Allies) Laughter: neeee
(33:21 / Allies) Laughter: 25k
(33:23 / All) MoM_DiaBoLuS: ich kill mir mal n wyrm damit ich n 3ten hero bekomm
(33:26 / Allies) Laughter: k
(33:34 / All) Laughter: mhh
(33:40 / All) MoM_DiaBoLuS: wow die taverne hat nochn eingang
(33:42 / All) Laughter: nehmt mal euren bm und scoutet die taverne
(33:53 / All) zeroKelvin: kollege ist kochen
(33:54 / All) Laughter: ich habe kein sentry upgrade, keine angst
(33:58 / All) Laughter: share?
(34:03 / All) zeroKelvin: noep
(34:10 / All) Laughter: hmm
(34:17 / All) Laughter: schade
(34:33 / All) MoM_DiaBoLuS: orange hat das gamze game max 35 supply
(34:37 / All) Laughter: y
(34:47 / All) Laughter: und alles worker
(34:50 / All) MoM_DiaBoLuS: tod?
(35:03 / All) Laughter: MARATHON BM
(35:16 / All) Laughter: naja halbmarathon
(35:45 / Allies) Laughter: kennst du die map friends?
(35:48 / All) MoM_DiaBoLuS: gold?
(35:51 / All) MoM_DiaBoLuS: ofc xD
(35:55 / All) MoM_DiaBoLuS: spiele 4on4s
(35:57 / Allies) Laughter: stell sie dir vor, voll mit towern
(36:00 / Allies) Laughter: clan towa <3
(36:04 / Allies) Laughter: NICHT
(36:05 / All) MoM_DiaBoLuS: gold plz
(36:10 / All) MoM_DiaBoLuS: 2-3k oder so
(36:19 / All) MoM_DiaBoLuS: ey
(36:20 / All) MoM_DiaBoLuS: omg
(36:21 / All) MoM_DiaBoLuS: lass das
(36:25 / All) Laughter: NEIN
(36:25 / All) MoM_DiaBoLuS: ich hab nicht so viel gold wie du
(36:36 / All) MoM_DiaBoLuS: will halt auch towers buaen
(36:37 / All) Laughter: kaufe ich halt 35.000 tps
(36:46 / All) MoM_DiaBoLuS: gold plz
(36:54 / All) MoM_DiaBoLuS: MEHR
(36:54 / All) MoM_DiaBoLuS: xD
(37:01 / Allies) Laughter: ne, 40% kommt nur durch
(37:08 / Allies) Laughter: kill mal deine armee
(37:13 / All) MoM_DiaBoLuS: nein
(37:14 / All) MoM_DiaBoLuS: -,-
(37:26 / All) MoM_DiaBoLuS: ASI ICH SPIEL FÜR STATS
(37:31 / All) Laughter: wir gewinnen eh
(37:34 / Allies) Laughter: was sollen sie machen?
(37:35 / All) MoM_DiaBoLuS: trotzdem
(37:36 / All) MoM_DiaBoLuS: omg
(37:39 / Allies) Laughter: 3 workshops, 3 aviaries
(37:47 / All) MoM_DiaBoLuS: die bauen auch tower
(37:50 / All) MoM_DiaBoLuS: irgendwann müssen
(38:02 / All) Laughter: und, wer führt im tower contest
(38:03 / All) MoM_DiaBoLuS: xD
(38:14 / All) MoM_DiaBoLuS: leaven?
(38:22 / Allies) Laughter: necropole
(38:48 / Allies) Laughter: aber nur eine base :P
(39:08 / Allies) Laughter: du kannst ja afk gehen und nen replay gucken
(39:11 / Allies) Laughter: oder essen
(39:12 / Allies) Laughter: schlafen
(39:14 / Allies) Laughter: arbeiten
(39:16 / All) MoM_DiaBoLuS: xD
(39:18 / Allies) Laughter: was weiß ich
(39:19 / All) MoM_DiaBoLuS: geiler style
(39:28 / Allies) Laughter: so spiele ich immer in 3s und 4s
(39:35 / Allies) Laughter: nur schlimmer und mit den passenden teammates
(39:43 / All) Laughter: www.highper.ch für mehr games wie dieses
(39:57 / All) Laughter: nur ohne bayrische noobs
(40:00 / All) MoM_DiaBoLuS: hab jetzt auch 15 tower ^^
(40:08 / Allies) Laughter: nekropole und tower
(40:11 / All) MoM_DiaBoLuS: jojo
(40:16 / All) MoM_DiaBoLuS: gold^^
(40:18 / Allies) Laughter: geh auf 80 supply
(40:20 / Allies) Laughter: dann kriegst du
(40:29 / All) MoM_DiaBoLuS: nö dann net
(40:33 / All) MoM_DiaBoLuS: hm ok
(40:45 / All) MoM_DiaBoLuS: ich mach schon
(41:40 / All) MoM_DiaBoLuS: gold
(41:42 / All) Laughter: shitnoobs, bitnoob, think you better quit noobs
(41:59 / Allies) Laughter: NICHt
(42:01 / Allies) Laughter: angreifen
(42:03 / Allies) Laughter: arsch :P
(42:06 / All) MoM_DiaBoLuS: ne
(42:07 / All) MoM_DiaBoLuS: mach ich net
(42:08 / Allies) Laughter: das war nicht der deal
(42:10 / All) MoM_DiaBoLuS: nur die exe
(42:15 / Allies) Laughter: k
(42:26 / Allies) Laughter: lass die mal sich verstcken
(42:33 / Allies) Laughter: ich meine, was sollen sie machen
(42:45 / Allies) Laughter: im notfall lass ich comp über nacht laufen bis sie heulend aufgeben
(43:06 / Allies) Laughter: hole mal sentry
(43:28 / All) Laughter: ihr habt viel weniger
(43:32 / All) Laughter: ihr seid echte tower loser
(43:38 / All) MoM_DiaBoLuS: voll gut lich anzugreifen
(43:38 / Allies) Laughter: tower
(44:21 / All) MoM_DiaBoLuS: zufrieden?
(44:23 / Allies) Laughter: y
(44:39 / Allies) Laughter: =D
(44:42 / All) MoM_DiaBoLuS: gold fürs upgradorn
(45:11 / All) MoM_DiaBoLuS: da is nochn creepset
(45:16 / Allies) Laughter: y
(45:22 / Allies) Laughter: so
(45:24 / Allies) Laughter: sentry kommt
(45:33 / Allies) Laughter: wegen hide
(45:38 / All) Laughter: Am 1
(45:40 / All) Laughter: tol 0
(45:50 / All) MoM_DiaBoLuS: mehr gold xD
(46:05 / All) MoM_DiaBoLuS: mach i
(46:46 / All) Laughter: hey, ich habe eine idee wir ihr gewinnen könnt
(47:00 / All) Laughter: vor 45 minuten die exen abbrechen und die tower unten halten
(47:40 / All) Laughter: running out of lebensraum
(48:05 / Allies) Laughter: wood
(48:20 / All) MoM_DiaBoLuS: "wyrms machen nix
(48:26 / All) MoM_DiaBoLuS: abe rlich xD
(48:42 / Allies) Laughter: lass die armen doch leben
(48:53 / Allies) Laughter: wollen doch nur baumschmusen
(49:08 / All) MoM_DiaBoLuS: ich schaffe platz für towers
(49:15 / Allies) Laughter: stimmt auch wieder
(49:29 / All) Laughter: -afk
(49:36 / All) MoM_DiaBoLuS: dota xD
(49:39 / Allies) Laughter: ich weiß
(49:42 / Allies) Laughter: war nen scherz
(49:49 / All) MoM_DiaBoLuS: ich weiß
(49:49 / Allies) Laughter: lol
(49:57 / All) MoM_DiaBoLuS: many towers
(49:58 / Allies) Laughter: nicht ganz soviele wie ich
(50:59 / Allies) Laughter: =D
(51:05 / All) MoM_DiaBoLuS: LOL
(51:47 / All) Laughter: doch nicht afk =D
(51:50 / All) Laughter: ich sehe euch leute
(51:58 / Allies) Laughter: woo
(51:59 / Allies) Laughter: d
(52:03 / All) MoM_DiaBoLuS: wo is deren armee eigentlich
(52:10 / Allies) Laughter: keine armee mehr
(52:27 / Allies) Laughter: auch keine mountaineer map
(52:47 / All) MoM_DiaBoLuS: selbst mit 100 supply dragonhawk cloud ginge da nix
(52:54 / All) MoM_DiaBoLuS: und 100 supply morts dauern halt 10 stunden
(53:15 / All) Laughter: www.highper.ch 
(53:19 / All) Laughter: für mehr replays
(53:20 / All) MoM_DiaBoLuS: wie bei sieder 3 tower zum revier aufbauen^^
(53:27 / Allies) Laughter: www.wcreplays.com für unterricht im towern
(53:30 / All) zeroKelvin: ihr seid nicht echt schweizer?
(53:37 / All) Laughter: ne, 
(53:40 / All) Laughter: nichtmal annähern
(53:42 / All) Laughter: NORDISCH
(53:44 / All) zeroKelvin: ah gut
(53:45 / All) Laughter: NORDISCH BY NATURE
(53:51 / All) zeroKelvin: dachte schon ich müsst mich schämen
(53:52 / All) MoM_DiaBoLuS: nordisch arisch gut
(54:03 / All) Laughter: Warum?
(54:08 / All) Laughter: ggn schweizer verloren zu haben?
(54:10 / All) zeroKelvin: ach nix
(54:25 / All) Laughter: ich hab schweizer freunde, ich lass mir das übersetzen leute
(54:34 / All) zeroKelvin: du hast freunde?
(54:38 / All) Laughter: wie ihr eure zeit mit dem game verschwendet habt
(54:44 / All) Laughter: I C wat u did thar
(54:50 / Allies) Laughter: b
(54:52 / All) MoM_DiaBoLuS: fende?
(54:54 / All) MoM_DiaBoLuS: wasn das
(55:00 / Allies) Laughter: 1 gebäude lassen
(55:02 / All) MoM_DiaBoLuS: schweiz
(55:03 / Allies) Laughter: 1 burrow
(55:08 / All) MoM_DiaBoLuS: kk
(55:16 / Allies) Laughter: der da
(55:19 / All) MoM_DiaBoLuS: jo
(55:31 / All) Laughter: wir warten auf euer comeback
(55:44 / All) pwnizl: lass dir "forzlochhööhlefoscher" übersetzen
(55:53 / All) Laughter: das krieg ich auch so hin
(56:03 / All) Laughter: ohne übersetzer
(56:09 / All) MoM_DiaBoLuS: w8w8
(56:12 / All) Laughter: warum habt ihr euere zeit mit dem game verschwendet?
(56:13 / All) MoM_DiaBoLuS: mein zigg macht das
(56:18 / Allies) Laughter: NEIN
(56:21 / All) MoM_DiaBoLuS: muss nur ground kaufen gehen^^
(56:30 / All) zeroKelvin: kollege war was zu essen kochen
(56:33 / All) pwnizl: ich hab nachtessen gekocht
(56:33 / Allies) Laughter: wait
(56:40 / Allies) Laughter: lass dk
(56:43 / All) zeroKelvin: da kann ich eh nix machen ...
(56:52 / Allies) Laughter: you fail
(56:56 / Allies) Laughter: ivory -.-
(56:58 / Allies) Laughter: idiot
(57:02 / All) MoM_DiaBoLuS: ^^
(57:05 / Allies) Laughter: wer braucht blight mit ivory tower?
(57:13 / Allies) Laughter: =(
(57:16 / Allies) Laughter: geht nicht mit ud?
(57:22 / Allies) Laughter: oder nur weil es ein bau command ist?
(57:23 / All) MoM_DiaBoLuS: ich mach schon^^
(57:33 / Allies) Laughter: zeig mal ivory tower pls
(57:34 / All) MoM_DiaBoLuS: was was?
(57:37 / All) MoM_DiaBoLuS: yy
(57:42 / Allies) Laughter: aso
(57:43 / Allies) Laughter: stimmt ja
(57:47 / All) MoM_DiaBoLuS: kann arcane
(57:48 / All) MoM_DiaBoLuS: tower
(57:49 / All) MoM_DiaBoLuS: ausbauen
(57:49 / Allies) Laughter: ye
(58:25 / All) MoM_DiaBoLuS: wo bist du?
(58:30 / All) MoM_DiaBoLuS: LOL
(58:31 / All) Laughter: NEIN
(58:31 / All) Laughter: =(